 Dungeon Crawl Stone Soup version 0.29-a0-520-gc852659d43 (webtiles) character file.

Game seed: 16710523942813993785

24 oldriver the Magician (level 2, 0/22 HPs)
             Began as a Palentonga Wanderer on June 1, 2022.
             Slain by an adder (2 damage)
             ... on level 2 of the Dungeon.
             The game lasted 00:01:31 (1826 turns).

oldriver the Magician (Palentonga Wanderer)         Turns: 1826, Time: 00:01:32

Health: 0/22       AC:  8    Str: 14    XL:     2   Next: 79%
Magic:  6/6        EV:  6    Int: 12    God:
Gold:   66         SH:  3    Dex: 10    Spells: 6/7 levels left

rFire   . . .      SeeInvis +   a - +1 club
rCold   . . .      Faith    .   b - +0 buckler
rNeg    . . .      Spirit   .   d - +2 scale mail
rPois   .          Reflect  .   (no helmet)
rElec   .          Harm     .   (no cloak)
rCorr   .          Rampage  .   (no gloves)
Will    .....                   (no barding)
Stlth   ..........              (no amulet)
HPRegen 0.07/turn               (no ring)
MPRegen 0.10/turn               (no ring)

@: lethally poisoned (0 -> -2)
A: large, rugged brown scales 3, see invisible, deformed body, roll 1, armoured
tail
a: Rolling Charge


You were on level 2 of the Dungeon.
You visited 1 branch of the dungeon, and saw 2 of its levels.

You collected 66 gold pieces.

Inventory:

Hand Weapons
 a - a +1 club (weapon)
Armour
 b - a +0 buckler (worn)
 d - a +2 scale mail (worn)
Jewellery
 h - an amulet of regeneration
 j - a ring of ice
Scrolls
 e - 6 scrolls of identify {unknown}
 f - a scroll of immolation {unknown}
 m - a scroll of teleportation {unknown}
Potions
 c - a potion of magic {unknown}
 i - a potion of heal wounds {unknown}


   Skills:
 * Level 1.6 Fighting
 * Level 1.6 Maces & Flails
 - Level 2.4 Armour
 - Level 1.2 Stealth
 - Level 1.0 Shields
 - Level 3.0 Spellcasting
 - Level 1.0 Necromancy


You had 6 spell levels left.
You knew the following spells:

 Your Spells              Type           Power      Damage    Failure   Level
a - Necrotize             Necr           16%        1d4       65%         1

Your spell library contained the following spells:

 Spells                   Type           Power      Damage    Failure   Level
 Magic Dart               Conj           4%         1d3       78%         1
 Ensorcelled Hibernation  Hex/Ice        2%         N/A       89%         2
 Passwall                 Tmut/Erth      0%         N/A       89%         2
 Searing Ray              Conj           2%         2d4       89%         2
 Vampiric Draining        Necr           4%         2d6       95%         3
 Swiftness                Air            1%         N/A       98%         3
 Fulminant Prism          Conj/Hex       0%         3d6       100%        4


Dungeon Overview and Level Annotations

Branches:
Dungeon (2/15)

Altars:


Innate Abilities, Weirdness & Mutations

You are completely covered in rugged brown scales. (AC +3, +7% HP)
You have supernaturally acute eyesight. (SInv)
Armour fits poorly on your strangely shaped body.
You can roll at nearby foes to attack.
You have a long armoured tail.


Message History

The adder is moderately wounded.
The adder barely misses you.
You miss the adder.
The adder is moderately wounded.
You block the adder's attack. The adder bites you but does no damage.
You miss the adder.
The adder is moderately wounded.
You block the adder's attack. The adder bites you.
You are poisoned.
The adder poisons you!
You barely miss the adder.
Your tail-slap misses the adder.
The adder is moderately wounded.
You feel sick. The adder closely misses you.
You hit the adder.
The adder is heavily wounded.
You feel sick. The adder barely misses you.
The adder bites you but does no damage.
You miss the adder.
Your tail-slap misses the adder.
The adder is heavily wounded.
You feel sick. The adder bites you. x2
You are lethally poisoned!
The adder poisons you!
You miss the adder.
Your tail-slap misses the adder.
The adder is heavily wounded.
* * * LOW HITPOINT WARNING * * *
You feel sick. The adder closely misses you.
You closely miss the adder.
The adder is heavily wounded.
* * * LOW HITPOINT WARNING * * *
You feel sick. The adder barely misses you.
The adder bites you but does no damage.
You barely miss the adder.
Your tail-slap misses the adder.
The adder is heavily wounded.
* * * LOW HITPOINT WARNING * * *
You feel sick. You block the adder's attack.
You miss the adder.
Your tail-slap misses the adder.
The adder is heavily wounded.
* * * LOW HITPOINT WARNING * * *
You feel sick. The adder closely misses you. The adder bites you.
You die...

#### #...# #..# #..>#
#..# #...# #..###...#
#...##...# #.#......#
######.####...#
#.............#
#....@........#######
#...S...............##
#..........#.######..#
#..........#.# ##.#
####...####..#### #.† #
..####.......#####. ##.
.# #.##.##.......
##..########.#...#.##.##.
......#........†...#...#.


You could see an adder.

Vanquished Creatures
  A dart slug (D:1)
  4 endoplasms
  4 jackals (D:1)
  3 quokkas
  A ball python (D:1)
  A bat (D:2)
  A frilled lizard (D:1)
  2 goblins (D:1)
  A kobold (D:1)
  2 rats (D:1)
20 creatures vanquished.

Notes
Turn   | Place    | Note
-------+----------+-------------------------------------------
     0 | D:1      | oldriver the Palentonga Wanderer began the quest for the
                  | Orb.
     0 | D:1      | oldriver set off with the following items: a +0 club, a +0
                  | buckler, a potion of lignification, a +2 scale mail; and
                  | the following spell memorised: Necrotize; and the following
                  | spells available to memorise: Vampiric Draining
     0 | D:1      | Reached XP level 1. HP: 13/13 MP: 4/4
   178 | D:1      | Found a faded altar of an unknown god.
   537 | D:1      | Reached skill level 1 in Fighting
   537 | D:1      | Reached skill level 1 in Maces & Flails
   549 | D:1      | Reached XP level 2. HP: 10/22 MP: 6/6
  1826 | D:2      | Slain by an adder

Illustrated notes

Levels and vault maps discovered:
D:1:      saegor_arrival_fortress, layout_basic, shapermc_ecumenical_altar_venn,
          chequers_arboretum
D:2:      layout_rooms, minmay_misc_feat_rugged,
          hangedman_decor_clover_reticule, minmay_lizard_king, uniq_natasha,
          uniq_crazy_yiuf_cottage

Skill      XL: |  1 |
---------------+----+-----
Fighting       | 1 |  1.6
Maces & Flails | 1 |  1.6
Armour         | |  2.4
Stealth        | |  1.2
Shields        | |  1.0
Spellcasting   | |  3.0
Necromancy     | |  1.0

Action                   || total
-------------------------++-------
Melee: Club              ||    97
       Tailslap          ||     7
 Abil: Rolling Charge    ||    11
  Use: Potion            ||     1
       Scroll            ||     4
Armor: Scale mail        ||    36
       Skin              ||    30
Dodge: Dodged            ||    27
Block: Buckler           ||    17

Table legend: (Time is in decaauts)
 A = Elapsed time spent in this place.
 B = Non-inter-level travel time spent in this place.
 C = Inter-level travel time spent in this place.
 D = Time resting spent in this place.
 E = Time spent auto-exploring this place.
 F = Levels seen in this place.
 G = Mean time per level.
                   A        B        C        D        E       F      G
               +--------+--------+--------+--------+--------+-----+--------+
         Total |   1852 |   1827 |     25 |    696 |    923 |   2 |  926.0 |
       Dungeon |   1852 |   1827 |     25 |    696 |    923 |   2 |  926.0 |
               +--------+--------+--------+--------+--------+-----+--------+

Top non-repeatable levels by time:
     D:1: 1584 daAuts
     D:2: 267 daAuts
